%YAML 1.1
%TAG !u! tag:unity3d.com,2011:
--- !u!1 &3692722671536559379
GameObject:
  m_ObjectHideFlags: 0
  m_CorrespondingSourceObject: {fileID: 0}
  m_PrefabInstance: {fileID: 0}
  m_PrefabAsset: {fileID: 0}
  serializedVersion: 6
  m_Component:
  - component: {fileID: 7001708887007804960}
  - component: {fileID: 2036587741949491220}
  - component: {fileID: 7587370397913995418}
  m_Layer: 5
  m_Name: Panel Background
  m_TagString: Untagged
  m_Icon: {fileID: 0}
  m_NavMeshLayer: 0
  m_StaticEditorFlags: 0
  m_IsActive: 1
--- !u!224 &7001708887007804960
RectTransform:
  m_ObjectHideFlags: 0
  m_CorrespondingSourceObject: {fileID: 0}
  m_PrefabInstance: {fileID: 0}
  m_PrefabAsset: {fileID: 0}
  m_GameObject: {fileID: 3692722671536559379}
  m_LocalRotation: {x: -0, y: -0, z: -0, w: 1}
  m_LocalPosition: {x: 0, y: 0, z: 0}
  m_LocalScale: {x: 1, y: 1, z: 0.002}
  m_ConstrainProportionsScale: 0
  m_Children: []
  m_Father: {fileID: 3736750835652927073}
  m_RootOrder: 1
  m_LocalEulerAnglesHint: {x: 0, y: 0, z: 0}
  m_AnchorMin: {x: 0.5, y: 0.5}
  m_AnchorMax: {x: 0.5, y: 0.5}
  m_AnchoredPosition: {x: 0, y: 0}
  m_SizeDelta: {x: 0.95, y: 0.55}
  m_Pivot: {x: 0.5, y: 0.5}
--- !u!222 &2036587741949491220
CanvasRenderer:
  m_ObjectHideFlags: 0
  m_CorrespondingSourceObject: {fileID: 0}
  m_PrefabInstance: {fileID: 0}
  m_PrefabAsset: {fileID: 0}
  m_GameObject: {fileID: 3692722671536559379}
  m_CullTransparentMesh: 1
--- !u!114 &7587370397913995418
MonoBehaviour:
  m_ObjectHideFlags: 0
  m_CorrespondingSourceObject: {fileID: 0}
  m_PrefabInstance: {fileID: 0}
  m_PrefabAsset: {fileID: 0}
  m_GameObject: {fileID: 3692722671536559379}
  m_Enabled: 1
  m_EditorHideFlags: 0
  m_Script: {fileID: 11500000, guid: fe87c0e1cc204ed48ad3b37840f39efc, type: 3}
  m_Name: 
  m_EditorClassIdentifier: 
  m_Material: {fileID: 0}
  m_Color: {r: 1, g: 1, b: 1, a: 0.392}
  m_RaycastTarget: 1
  m_RaycastPadding: {x: 0, y: 0, z: 0, w: 0}
  m_Maskable: 1
  m_OnCullStateChanged:
    m_PersistentCalls:
      m_Calls: []
  m_Sprite: {fileID: 10907, guid: 0000000000000000f000000000000000, type: 0}
  m_Type: 1
  m_PreserveAspect: 0
  m_FillCenter: 1
  m_FillMethod: 4
  m_FillAmount: 1
  m_FillClockwise: 1
  m_FillOrigin: 0
  m_UseSpriteMesh: 0
  m_PixelsPerUnitMultiplier: 150
--- !u!1 &4622558837476433628
GameObject:
  m_ObjectHideFlags: 0
  m_CorrespondingSourceObject: {fileID: 0}
  m_PrefabInstance: {fileID: 0}
  m_PrefabAsset: {fileID: 0}
  serializedVersion: 6
  m_Component:
  - component: {fileID: 3736750835652927073}
  - component: {fileID: 4682477801461724906}
  - component: {fileID: 2893854305955428427}
  - component: {fileID: 6413318004951684095}
  - component: {fileID: 3554646185138418585}
  - component: {fileID: 2558894958721985453}
  - component: {fileID: 6240574710040734487}
  - component: {fileID: 81396469122375616}
  - component: {fileID: 1789405132329228155}
  m_Layer: 0
  m_Name: CheckboxPanel
  m_TagString: Untagged
  m_Icon: {fileID: 0}
  m_NavMeshLayer: 0
  m_StaticEditorFlags: 0
  m_IsActive: 1
--- !u!224 &3736750835652927073
RectTransform:
  m_ObjectHideFlags: 0
  m_CorrespondingSourceObject: {fileID: 0}
  m_PrefabInstance: {fileID: 0}
  m_PrefabAsset: {fileID: 0}
  m_GameObject: {fileID: 4622558837476433628}
  m_LocalRotation: {x: 0, y: 0, z: 0, w: 1}
  m_LocalPosition: {x: 0, y: 0, z: 0}
  m_LocalScale: {x: 1, y: 1, z: 1}
  m_ConstrainProportionsScale: 0
  m_Children:
  - {fileID: 7849181054298421611}
  - {fileID: 7001708887007804960}
  - {fileID: 8035762014552974960}
  - {fileID: 470708933988898922}
  - {fileID: 6714767975821535802}
  m_Father: {fileID: 0}
  m_RootOrder: 0
  m_LocalEulerAnglesHint: {x: 0, y: 0, z: 0}
  m_AnchorMin: {x: 0.5, y: 0.5}
  m_AnchorMax: {x: 0.5, y: 0.5}
  m_AnchoredPosition: {x: 0, y: 0}
  m_SizeDelta: {x: 0.95, y: 0.55}
  m_Pivot: {x: 0.5, y: 0.5}
--- !u!222 &4682477801461724906
CanvasRenderer:
  m_ObjectHideFlags: 0
  m_CorrespondingSourceObject: {fileID: 0}
  m_PrefabInstance: {fileID: 0}
  m_PrefabAsset: {fileID: 0}
  m_GameObject: {fileID: 4622558837476433628}
  m_CullTransparentMesh: 0
--- !u!114 &2893854305955428427
MonoBehaviour:
  m_ObjectHideFlags: 0
  m_CorrespondingSourceObject: {fileID: 0}
  m_PrefabInstance: {fileID: 0}
  m_PrefabAsset: {fileID: 0}
  m_GameObject: {fileID: 4622558837476433628}
  m_Enabled: 1
  m_EditorHideFlags: 0
  m_Script: {fileID: 11500000, guid: c9754da8dd1d0fc418ec16bea6ea4f3c, type: 3}
  m_Name: 
  m_EditorClassIdentifier: 
  hoverMaterial: {fileID: 0}
  selectMaterial: {fileID: 0}
  reactsOnLeftPointer: 1
  reactsOnRightPointer: 1
  allowSelection: 1
  allowClick: 1
  allowHover: 1
  enableDefaultMouseInteractions: 1
  outlineOnHover: 0
  onClick:
    m_PersistentCalls:
      m_Calls: []
  onHover:
    m_PersistentCalls:
      m_Calls: []
  onUnhover:
    m_PersistentCalls:
      m_Calls: []
  onSelect:
    m_PersistentCalls:
      m_Calls: []
  onUnselect:
    m_PersistentCalls:
      m_Calls: []
  onPressed:
    m_PersistentCalls:
      m_Calls: []
  onReleased:
    m_PersistentCalls:
      m_Calls: []
  onIsHolding:
    m_PersistentCalls:
      m_Calls: []
  onBeginHolding:
    m_PersistentCalls:
      m_Calls: []
  onEndHolding:
    m_PersistentCalls:
      m_Calls: []
  onEnabled:
    m_PersistentCalls:
      m_Calls: []
  onDisabled:
    m_PersistentCalls:
      m_Calls: []
  releaseSelectionAfterClick: 1
  pointableGroup: 
  groupHolder: {fileID: 0}
  isDisabled: 0
  selectOnClick: 0
  sliderPrecision: 1
--- !u!114 &6413318004951684095
MonoBehaviour:
  m_ObjectHideFlags: 0
  m_CorrespondingSourceObject: {fileID: 0}
  m_PrefabInstance: {fileID: 0}
  m_PrefabAsset: {fileID: 0}
  m_GameObject: {fileID: 4622558837476433628}
  m_Enabled: 1
  m_EditorHideFlags: 0
  m_Script: {fileID: 11500000, guid: 99a741ed36220534d8c8b4ed8742a73e, type: 3}
  m_Name: 
  m_EditorClassIdentifier: 
  customTrackingName: Checkbox Panel
  trackPosition: 0
  trackRotation: 0
  trackScale: 0
  autoRegister: 1
  enableEyeTracking: 1
  trackHandsInteration: 1
  trackPointing: 1
  trackDestroy: 0
  onTracked:
    m_PersistentCalls:
      m_Calls: []
  onRegistered:
    m_PersistentCalls:
      m_Calls: []
--- !u!114 &3554646185138418585
MonoBehaviour:
  m_ObjectHideFlags: 0
  m_CorrespondingSourceObject: {fileID: 0}
  m_PrefabInstance: {fileID: 0}
  m_PrefabAsset: {fileID: 0}
  m_GameObject: {fileID: 4622558837476433628}
  m_Enabled: 1
  m_EditorHideFlags: 0
  m_Script: {fileID: 11500000, guid: e7a5f88831674785b0dd99cc863f00f7, type: 3}
  m_Name: 
  m_EditorClassIdentifier: 
  activateActionSetOnAttach:
    actionSetPath: 
  hideHandOnAttach: 1
  hideSkeletonOnAttach: 0
  hideControllerOnAttach: 0
  handAnimationOnPickup: 0
  setRangeOfMotionOnPickup: -1
  useHandObjectAttachmentPoint: 1
  attachEaseIn: 0
  snapAttachEaseInCurve:
    serializedVersion: 2
    m_Curve:
    - serializedVersion: 3
      time: 0
      value: 0
      inSlope: 0
      outSlope: 0
      tangentMode: 0
      weightedMode: 0
      inWeight: 0
      outWeight: 0
    - serializedVersion: 3
      time: 1
      value: 1
      inSlope: 0
      outSlope: 0
      tangentMode: 0
      weightedMode: 0
      inWeight: 0
      outWeight: 0
    m_PreInfinity: 2
    m_PostInfinity: 2
    m_RotationOrder: 4
  snapAttachEaseInTime: 0.15
  snapAttachEaseInCompleted: 0
  skeletonPoser: {fileID: 0}
  handFollowTransform: 1
  highlightOnHover: 1
  hideHighlight: []
  hoverPriority: 0
--- !u!114 &2558894958721985453
MonoBehaviour:
  m_ObjectHideFlags: 0
  m_CorrespondingSourceObject: {fileID: 0}
  m_PrefabInstance: {fileID: 0}
  m_PrefabAsset: {fileID: 0}
  m_GameObject: {fileID: 4622558837476433628}
  m_Enabled: 1
  m_EditorHideFlags: 0
  m_Script: {fileID: 11500000, guid: 502b56a6b80c79841bc597c5680154ea, type: 3}
  m_Name: 
  m_EditorClassIdentifier: 
  selectedAxis: 0
  slider: {fileID: 5934142097597840266}
  panelBackground: {fileID: 7587370397913995418}
  panelBackgroundSmall: {fileID: 1607528897519960320}
  onChangedAxis:
    m_PersistentCalls:
      m_Calls: []
--- !u!114 &6240574710040734487
MonoBehaviour:
  m_ObjectHideFlags: 0
  m_CorrespondingSourceObject: {fileID: 0}
  m_PrefabInstance: {fileID: 0}
  m_PrefabAsset: {fileID: 0}
  m_GameObject: {fileID: 4622558837476433628}
  m_Enabled: 1
  m_EditorHideFlags: 0
  m_Script: {fileID: 11500000, guid: 6a30e85d031383849a59a0f1b1c6e089, type: 3}
  m_Name: 
  m_EditorClassIdentifier: 
  onFocused:
    m_PersistentCalls:
      m_Calls: []
  onBlur:
    m_PersistentCalls:
      m_Calls: []
--- !u!114 &81396469122375616
MonoBehaviour:
  m_ObjectHideFlags: 0
  m_CorrespondingSourceObject: {fileID: 0}
  m_PrefabInstance: {fileID: 0}
  m_PrefabAsset: {fileID: 0}
  m_GameObject: {fileID: 4622558837476433628}
  m_Enabled: 1
  m_EditorHideFlags: 0
  m_Script: {fileID: 11500000, guid: ae07eff5cb242fc479fe5d58ea571068, type: 3}
  m_Name: 
  m_EditorClassIdentifier: 
  onMouseClick:
    m_PersistentCalls:
      m_Calls: []
  onMouseEnter:
    m_PersistentCalls:
      m_Calls: []
  onMouseLeave:
    m_PersistentCalls:
      m_Calls: []
  onMouseDown:
    m_PersistentCalls:
      m_Calls: []
  onMouseUp:
    m_PersistentCalls:
      m_Calls: []
--- !u!114 &1789405132329228155
MonoBehaviour:
  m_ObjectHideFlags: 0
  m_CorrespondingSourceObject: {fileID: 0}
  m_PrefabInstance: {fileID: 0}
  m_PrefabAsset: {fileID: 0}
  m_GameObject: {fileID: 4622558837476433628}
  m_Enabled: 1
  m_EditorHideFlags: 0
  m_Script: {fileID: 11500000, guid: 9450ca3733e512249a735d8f4f81f9bc, type: 3}
  m_Name: 
  m_EditorClassIdentifier: 
--- !u!1 &8004356814154559630
GameObject:
  m_ObjectHideFlags: 0
  m_CorrespondingSourceObject: {fileID: 0}
  m_PrefabInstance: {fileID: 0}
  m_PrefabAsset: {fileID: 0}
  serializedVersion: 6
  m_Component:
  - component: {fileID: 7849181054298421611}
  - component: {fileID: 4719126221278249066}
  - component: {fileID: 1607528897519960320}
  m_Layer: 5
  m_Name: Panel Background Small
  m_TagString: Untagged
  m_Icon: {fileID: 0}
  m_NavMeshLayer: 0
  m_StaticEditorFlags: 0
  m_IsActive: 0
--- !u!224 &7849181054298421611
RectTransform:
  m_ObjectHideFlags: 0
  m_CorrespondingSourceObject: {fileID: 0}
  m_PrefabInstance: {fileID: 0}
  m_PrefabAsset: {fileID: 0}
  m_GameObject: {fileID: 8004356814154559630}
  m_LocalRotation: {x: -0, y: -0, z: -0, w: 1}
  m_LocalPosition: {x: 0, y: 0, z: 0}
  m_LocalScale: {x: 1, y: 1, z: 0.002}
  m_ConstrainProportionsScale: 0
  m_Children: []
  m_Father: {fileID: 3736750835652927073}
  m_RootOrder: 0
  m_LocalEulerAnglesHint: {x: 0, y: 0, z: 0}
  m_AnchorMin: {x: 0.5, y: 0.5}
  m_AnchorMax: {x: 0.5, y: 0.5}
  m_AnchoredPosition: {x: 0, y: 0.124}
  m_SizeDelta: {x: 0.95, y: 0.31}
  m_Pivot: {x: 0.5, y: 0.5}
--- !u!222 &4719126221278249066
CanvasRenderer:
  m_ObjectHideFlags: 0
  m_CorrespondingSourceObject: {fileID: 0}
  m_PrefabInstance: {fileID: 0}
  m_PrefabAsset: {fileID: 0}
  m_GameObject: {fileID: 8004356814154559630}
  m_CullTransparentMesh: 1
--- !u!114 &1607528897519960320
MonoBehaviour:
  m_ObjectHideFlags: 0
  m_CorrespondingSourceObject: {fileID: 0}
  m_PrefabInstance: {fileID: 0}
  m_PrefabAsset: {fileID: 0}
  m_GameObject: {fileID: 8004356814154559630}
  m_Enabled: 1
  m_EditorHideFlags: 0
  m_Script: {fileID: 11500000, guid: fe87c0e1cc204ed48ad3b37840f39efc, type: 3}
  m_Name: 
  m_EditorClassIdentifier: 
  m_Material: {fileID: 0}
  m_Color: {r: 1, g: 1, b: 1, a: 0.392}
  m_RaycastTarget: 1
  m_RaycastPadding: {x: 0, y: 0, z: 0, w: 0}
  m_Maskable: 1
  m_OnCullStateChanged:
    m_PersistentCalls:
      m_Calls: []
  m_Sprite: {fileID: 10907, guid: 0000000000000000f000000000000000, type: 0}
  m_Type: 1
  m_PreserveAspect: 0
  m_FillCenter: 1
  m_FillMethod: 4
  m_FillAmount: 1
  m_FillClockwise: 1
  m_FillOrigin: 0
  m_UseSpriteMesh: 0
  m_PixelsPerUnitMultiplier: 150
--- !u!1001 &1510521060664561402
PrefabInstance:
  m_ObjectHideFlags: 0
  serializedVersion: 2
  m_Modification:
    m_TransformParent: {fileID: 3736750835652927073}
    m_Modifications:
    - target: {fileID: 1046228656610898284, guid: 3ece8b00318cd7d488d3a1df63f90671,
        type: 3}
      propertyPath: m_LocalPosition.z
      value: 0
      objectReference: {fileID: 0}
    - target: {fileID: 1332565962954282640, guid: 3ece8b00318cd7d488d3a1df63f90671,
        type: 3}
      propertyPath: m_RootOrder
      value: 3
      objectReference: {fileID: 0}
    - target: {fileID: 1332565962954282640, guid: 3ece8b00318cd7d488d3a1df63f90671,
        type: 3}
      propertyPath: m_LocalPosition.x
      value: 0
      objectReference: {fileID: 0}
    - target: {fileID: 1332565962954282640, guid: 3ece8b00318cd7d488d3a1df63f90671,
        type: 3}
      propertyPath: m_LocalPosition.y
      value: 0
      objectReference: {fileID: 0}
    - target: {fileID: 1332565962954282640, guid: 3ece8b00318cd7d488d3a1df63f90671,
        type: 3}
      propertyPath: m_LocalPosition.z
      value: 0
      objectReference: {fileID: 0}
    - target: {fileID: 1332565962954282640, guid: 3ece8b00318cd7d488d3a1df63f90671,
        type: 3}
      propertyPath: m_LocalRotation.w
      value: 1
      objectReference: {fileID: 0}
    - target: {fileID: 1332565962954282640, guid: 3ece8b00318cd7d488d3a1df63f90671,
        type: 3}
      propertyPath: m_LocalRotation.x
      value: 0
      objectReference: {fileID: 0}
    - target: {fileID: 1332565962954282640, guid: 3ece8b00318cd7d488d3a1df63f90671,
        type: 3}
      propertyPath: m_LocalRotation.y
      value: 0
      objectReference: {fileID: 0}
    - target: {fileID: 1332565962954282640, guid: 3ece8b00318cd7d488d3a1df63f90671,
        type: 3}
      propertyPath: m_LocalRotation.z
      value: 0
      objectReference: {fileID: 0}
    - target: {fileID: 1332565962954282640, guid: 3ece8b00318cd7d488d3a1df63f90671,
        type: 3}
      propertyPath: m_LocalEulerAnglesHint.x
      value: 0
      objectReference: {fileID: 0}
    - target: {fileID: 1332565962954282640, guid: 3ece8b00318cd7d488d3a1df63f90671,
        type: 3}
      propertyPath: m_LocalEulerAnglesHint.y
      value: 0
      objectReference: {fileID: 0}
    - target: {fileID: 1332565962954282640, guid: 3ece8b00318cd7d488d3a1df63f90671,
        type: 3}
      propertyPath: m_LocalEulerAnglesHint.z
      value: 0
      objectReference: {fileID: 0}
    - target: {fileID: 1870317843084795573, guid: 3ece8b00318cd7d488d3a1df63f90671,
        type: 3}
      propertyPath: m_text
      value: Panel
      objectReference: {fileID: 0}
    - target: {fileID: 1870317843084795573, guid: 3ece8b00318cd7d488d3a1df63f90671,
        type: 3}
      propertyPath: m_fontSize
      value: 14
      objectReference: {fileID: 0}
    - target: {fileID: 1870317843084795573, guid: 3ece8b00318cd7d488d3a1df63f90671,
        type: 3}
      propertyPath: m_margin.x
      value: -30.390419
      objectReference: {fileID: 0}
    - target: {fileID: 1870317843084795573, guid: 3ece8b00318cd7d488d3a1df63f90671,
        type: 3}
      propertyPath: m_margin.z
      value: -24.098717
      objectReference: {fileID: 0}
    - target: {fileID: 1870317843084795573, guid: 3ece8b00318cd7d488d3a1df63f90671,
        type: 3}
      propertyPath: m_fontSizeBase
      value: 14
      objectReference: {fileID: 0}
    - target: {fileID: 2652883445586589269, guid: 3ece8b00318cd7d488d3a1df63f90671,
        type: 3}
      propertyPath: m_Name
      value: CheckBoxGroup
      objectReference: {fileID: 0}
    - target: {fileID: 3835998547482146519, guid: 3ece8b00318cd7d488d3a1df63f90671,
        type: 3}
      propertyPath: m_LocalPosition.z
      value: 0.025
      objectReference: {fileID: 0}
    - target: {fileID: 4139448858408488346, guid: 3ece8b00318cd7d488d3a1df63f90671,
        type: 3}
      propertyPath: m_AnchoredPosition.y
      value: 0.074
      objectReference: {fileID: 0}
    - target: {fileID: 4413286239251506870, guid: 3ece8b00318cd7d488d3a1df63f90671,
        type: 3}
      propertyPath: m_LocalPosition.z
      value: 0
      objectReference: {fileID: 0}
    - target: {fileID: 5977988833671507074, guid: 3ece8b00318cd7d488d3a1df63f90671,
        type: 3}
      propertyPath: m_LocalPosition.z
      value: 0
      objectReference: {fileID: 0}
    - target: {fileID: 6958188157311321647, guid: 3ece8b00318cd7d488d3a1df63f90671,
        type: 3}
      propertyPath: m_SizeDelta.y
      value: 20
      objectReference: {fileID: 0}
    - target: {fileID: 6958188157311321647, guid: 3ece8b00318cd7d488d3a1df63f90671,
        type: 3}
      propertyPath: m_AnchoredPosition.y
      value: 0.205
      objectReference: {fileID: 0}
    m_RemovedComponents: []
  m_SourcePrefab: {fileID: 100100000, guid: 3ece8b00318cd7d488d3a1df63f90671, type: 3}
--- !u!4 &470708933988898922 stripped
Transform:
  m_CorrespondingSourceObject: {fileID: 1332565962954282640, guid: 3ece8b00318cd7d488d3a1df63f90671,
    type: 3}
  m_PrefabInstance: {fileID: 1510521060664561402}
  m_PrefabAsset: {fileID: 0}
--- !u!1001 &3989316479967951990
PrefabInstance:
  m_ObjectHideFlags: 0
  serializedVersion: 2
  m_Modification:
    m_TransformParent: {fileID: 3736750835652927073}
    m_Modifications:
    - target: {fileID: 355804395097277693, guid: f89abbe7d98b0d8479ea5c718a0ff70d,
        type: 3}
      propertyPath: m_Name
      value: ResetButton
      objectReference: {fileID: 0}
    - target: {fileID: 6401907319706753542, guid: f89abbe7d98b0d8479ea5c718a0ff70d,
        type: 3}
      propertyPath: m_Pivot.x
      value: 0.5
      objectReference: {fileID: 0}
    - target: {fileID: 6401907319706753542, guid: f89abbe7d98b0d8479ea5c718a0ff70d,
        type: 3}
      propertyPath: m_Pivot.y
      value: 0.5
      objectReference: {fileID: 0}
    - target: {fileID: 6401907319706753542, guid: f89abbe7d98b0d8479ea5c718a0ff70d,
        type: 3}
      propertyPath: m_RootOrder
      value: 2
      objectReference: {fileID: 0}
    - target: {fileID: 6401907319706753542, guid: f89abbe7d98b0d8479ea5c718a0ff70d,
        type: 3}
      propertyPath: m_AnchorMax.x
      value: 0.5
      objectReference: {fileID: 0}
    - target: {fileID: 6401907319706753542, guid: f89abbe7d98b0d8479ea5c718a0ff70d,
        type: 3}
      propertyPath: m_AnchorMax.y
      value: 0.5
      objectReference: {fileID: 0}
    - target: {fileID: 6401907319706753542, guid: f89abbe7d98b0d8479ea5c718a0ff70d,
        type: 3}
      propertyPath: m_AnchorMin.x
      value: 0.5
      objectReference: {fileID: 0}
    - target: {fileID: 6401907319706753542, guid: f89abbe7d98b0d8479ea5c718a0ff70d,
        type: 3}
      propertyPath: m_AnchorMin.y
      value: 0.5
      objectReference: {fileID: 0}
    - target: {fileID: 6401907319706753542, guid: f89abbe7d98b0d8479ea5c718a0ff70d,
        type: 3}
      propertyPath: m_SizeDelta.x
      value: 0.2
      objectReference: {fileID: 0}
    - target: {fileID: 6401907319706753542, guid: f89abbe7d98b0d8479ea5c718a0ff70d,
        type: 3}
      propertyPath: m_SizeDelta.y
      value: 0.2
      objectReference: {fileID: 0}
    - target: {fileID: 6401907319706753542, guid: f89abbe7d98b0d8479ea5c718a0ff70d,
        type: 3}
      propertyPath: m_LocalScale.x
      value: 0.09333334
      objectReference: {fileID: 0}
    - target: {fileID: 6401907319706753542, guid: f89abbe7d98b0d8479ea5c718a0ff70d,
        type: 3}
      propertyPath: m_LocalScale.y
      value: 0.091
      objectReference: {fileID: 0}
    - target: {fileID: 6401907319706753542, guid: f89abbe7d98b0d8479ea5c718a0ff70d,
        type: 3}
      propertyPath: m_LocalScale.z
      value: 0.002
      objectReference: {fileID: 0}
    - target: {fileID: 6401907319706753542, guid: f89abbe7d98b0d8479ea5c718a0ff70d,
        type: 3}
      propertyPath: m_LocalPosition.x
      value: 0
      objectReference: {fileID: 0}
    - target: {fileID: 6401907319706753542, guid: f89abbe7d98b0d8479ea5c718a0ff70d,
        type: 3}
      propertyPath: m_LocalPosition.y
      value: 0
      objectReference: {fileID: 0}
    - target: {fileID: 6401907319706753542, guid: f89abbe7d98b0d8479ea5c718a0ff70d,
        type: 3}
      propertyPath: m_LocalPosition.z
      value: -0.0063
      objectReference: {fileID: 0}
    - target: {fileID: 6401907319706753542, guid: f89abbe7d98b0d8479ea5c718a0ff70d,
        type: 3}
      propertyPath: m_LocalRotation.w
      value: 1
      objectReference: {fileID: 0}
    - target: {fileID: 6401907319706753542, guid: f89abbe7d98b0d8479ea5c718a0ff70d,
        type: 3}
      propertyPath: m_LocalRotation.x
      value: 0
      objectReference: {fileID: 0}
    - target: {fileID: 6401907319706753542, guid: f89abbe7d98b0d8479ea5c718a0ff70d,
        type: 3}
      propertyPath: m_LocalRotation.y
      value: 0
      objectReference: {fileID: 0}
    - target: {fileID: 6401907319706753542, guid: f89abbe7d98b0d8479ea5c718a0ff70d,
        type: 3}
      propertyPath: m_LocalRotation.z
      value: 0
      objectReference: {fileID: 0}
    - target: {fileID: 6401907319706753542, guid: f89abbe7d98b0d8479ea5c718a0ff70d,
        type: 3}
      propertyPath: m_AnchoredPosition.x
      value: 0.401
      objectReference: {fileID: 0}
    - target: {fileID: 6401907319706753542, guid: f89abbe7d98b0d8479ea5c718a0ff70d,
        type: 3}
      propertyPath: m_AnchoredPosition.y
      value: 0.2080127
      objectReference: {fileID: 0}
    - target: {fileID: 6401907319706753542, guid: f89abbe7d98b0d8479ea5c718a0ff70d,
        type: 3}
      propertyPath: m_LocalEulerAnglesHint.x
      value: 0
      objectReference: {fileID: 0}
    - target: {fileID: 6401907319706753542, guid: f89abbe7d98b0d8479ea5c718a0ff70d,
        type: 3}
      propertyPath: m_LocalEulerAnglesHint.y
      value: 0
      objectReference: {fileID: 0}
    - target: {fileID: 6401907319706753542, guid: f89abbe7d98b0d8479ea5c718a0ff70d,
        type: 3}
      propertyPath: m_LocalEulerAnglesHint.z
      value: 0
      objectReference: {fileID: 0}
    m_RemovedComponents: []
  m_SourcePrefab: {fileID: 100100000, guid: f89abbe7d98b0d8479ea5c718a0ff70d, type: 3}
--- !u!224 &8035762014552974960 stripped
RectTransform:
  m_CorrespondingSourceObject: {fileID: 6401907319706753542, guid: f89abbe7d98b0d8479ea5c718a0ff70d,
    type: 3}
  m_PrefabInstance: {fileID: 3989316479967951990}
  m_PrefabAsset: {fileID: 0}
--- !u!1001 &8543779863422223671
PrefabInstance:
  m_ObjectHideFlags: 0
  serializedVersion: 2
  m_Modification:
    m_TransformParent: {fileID: 3736750835652927073}
    m_Modifications:
    - target: {fileID: 1179918173194949387, guid: 6f3f90751b9e52d4885d34314f1f03aa,
        type: 3}
      propertyPath: m_AnchorMax.y
      value: 0
      objectReference: {fileID: 0}
    - target: {fileID: 1607763409224389382, guid: 6f3f90751b9e52d4885d34314f1f03aa,
        type: 3}
      propertyPath: m_AnchoredPosition.y
      value: -20.00098
      objectReference: {fileID: 0}
    - target: {fileID: 2651446214702694077, guid: 6f3f90751b9e52d4885d34314f1f03aa,
        type: 3}
      propertyPath: m_Enabled
      value: 1
      objectReference: {fileID: 0}
    - target: {fileID: 3152026475493338893, guid: 6f3f90751b9e52d4885d34314f1f03aa,
        type: 3}
      propertyPath: m_Pivot.x
      value: 0.5
      objectReference: {fileID: 0}
    - target: {fileID: 3152026475493338893, guid: 6f3f90751b9e52d4885d34314f1f03aa,
        type: 3}
      propertyPath: m_Pivot.y
      value: 0.5
      objectReference: {fileID: 0}
    - target: {fileID: 3152026475493338893, guid: 6f3f90751b9e52d4885d34314f1f03aa,
        type: 3}
      propertyPath: m_RootOrder
      value: 4
      objectReference: {fileID: 0}
    - target: {fileID: 3152026475493338893, guid: 6f3f90751b9e52d4885d34314f1f03aa,
        type: 3}
      propertyPath: m_AnchorMax.x
      value: 0.5
      objectReference: {fileID: 0}
    - target: {fileID: 3152026475493338893, guid: 6f3f90751b9e52d4885d34314f1f03aa,
        type: 3}
      propertyPath: m_AnchorMax.y
      value: 0.5
      objectReference: {fileID: 0}
    - target: {fileID: 3152026475493338893, guid: 6f3f90751b9e52d4885d34314f1f03aa,
        type: 3}
      propertyPath: m_AnchorMin.x
      value: 0.5
      objectReference: {fileID: 0}
    - target: {fileID: 3152026475493338893, guid: 6f3f90751b9e52d4885d34314f1f03aa,
        type: 3}
      propertyPath: m_AnchorMin.y
      value: 0.5
      objectReference: {fileID: 0}
    - target: {fileID: 3152026475493338893, guid: 6f3f90751b9e52d4885d34314f1f03aa,
        type: 3}
      propertyPath: m_SizeDelta.x
      value: 160
      objectReference: {fileID: 0}
    - target: {fileID: 3152026475493338893, guid: 6f3f90751b9e52d4885d34314f1f03aa,
        type: 3}
      propertyPath: m_SizeDelta.y
      value: 20
      objectReference: {fileID: 0}
    - target: {fileID: 3152026475493338893, guid: 6f3f90751b9e52d4885d34314f1f03aa,
        type: 3}
      propertyPath: m_LocalPosition.x
      value: 0
      objectReference: {fileID: 0}
    - target: {fileID: 3152026475493338893, guid: 6f3f90751b9e52d4885d34314f1f03aa,
        type: 3}
      propertyPath: m_LocalPosition.y
      value: 0
      objectReference: {fileID: 0}
    - target: {fileID: 3152026475493338893, guid: 6f3f90751b9e52d4885d34314f1f03aa,
        type: 3}
      propertyPath: m_LocalPosition.z
      value: -0.028
      objectReference: {fileID: 0}
    - target: {fileID: 3152026475493338893, guid: 6f3f90751b9e52d4885d34314f1f03aa,
        type: 3}
      propertyPath: m_LocalRotation.w
      value: 1
      objectReference: {fileID: 0}
    - target: {fileID: 3152026475493338893, guid: 6f3f90751b9e52d4885d34314f1f03aa,
        type: 3}
      propertyPath: m_LocalRotation.x
      value: 0
      objectReference: {fileID: 0}
    - target: {fileID: 3152026475493338893, guid: 6f3f90751b9e52d4885d34314f1f03aa,
        type: 3}
      propertyPath: m_LocalRotation.y
      value: 0
      objectReference: {fileID: 0}
    - target: {fileID: 3152026475493338893, guid: 6f3f90751b9e52d4885d34314f1f03aa,
        type: 3}
      propertyPath: m_LocalRotation.z
      value: 0
      objectReference: {fileID: 0}
    - target: {fileID: 3152026475493338893, guid: 6f3f90751b9e52d4885d34314f1f03aa,
        type: 3}
      propertyPath: m_AnchoredPosition.x
      value: 0
      objectReference: {fileID: 0}
    - target: {fileID: 3152026475493338893, guid: 6f3f90751b9e52d4885d34314f1f03aa,
        type: 3}
      propertyPath: m_AnchoredPosition.y
      value: -0.12
      objectReference: {fileID: 0}
    - target: {fileID: 3152026475493338893, guid: 6f3f90751b9e52d4885d34314f1f03aa,
        type: 3}
      propertyPath: m_LocalEulerAnglesHint.x
      value: 0
      objectReference: {fileID: 0}
    - target: {fileID: 3152026475493338893, guid: 6f3f90751b9e52d4885d34314f1f03aa,
        type: 3}
      propertyPath: m_LocalEulerAnglesHint.y
      value: 0
      objectReference: {fileID: 0}
    - target: {fileID: 3152026475493338893, guid: 6f3f90751b9e52d4885d34314f1f03aa,
        type: 3}
      propertyPath: m_LocalEulerAnglesHint.z
      value: 0
      objectReference: {fileID: 0}
    - target: {fileID: 3332950096042012633, guid: 6f3f90751b9e52d4885d34314f1f03aa,
        type: 3}
      propertyPath: m_AnchorMax.y
      value: 0
      objectReference: {fileID: 0}
    - target: {fileID: 4344576201476869697, guid: 6f3f90751b9e52d4885d34314f1f03aa,
        type: 3}
      propertyPath: m_Name
      value: Slider
      objectReference: {fileID: 0}
    - target: {fileID: 4344576201476869697, guid: 6f3f90751b9e52d4885d34314f1f03aa,
        type: 3}
      propertyPath: m_IsActive
      value: 1
      objectReference: {fileID: 0}
    - target: {fileID: 4906710315274322032, guid: 6f3f90751b9e52d4885d34314f1f03aa,
        type: 3}
      propertyPath: m_text
      value: Value
      objectReference: {fileID: 0}
    - target: {fileID: 4906710315274322032, guid: 6f3f90751b9e52d4885d34314f1f03aa,
        type: 3}
      propertyPath: m_fontSize
      value: 6
      objectReference: {fileID: 0}
    - target: {fileID: 4906710315274322032, guid: 6f3f90751b9e52d4885d34314f1f03aa,
        type: 3}
      propertyPath: m_fontSizeBase
      value: 6
      objectReference: {fileID: 0}
    - target: {fileID: 5929308779880870197, guid: 6f3f90751b9e52d4885d34314f1f03aa,
        type: 3}
      propertyPath: m_IsActive
      value: 1
      objectReference: {fileID: 0}
    - target: {fileID: 8706042762340873814, guid: 6f3f90751b9e52d4885d34314f1f03aa,
        type: 3}
      propertyPath: m_AnchoredPosition.y
      value: 13.4
      objectReference: {fileID: 0}
    m_RemovedComponents: []
  m_SourcePrefab: {fileID: 100100000, guid: 6f3f90751b9e52d4885d34314f1f03aa, type: 3}
--- !u!114 &1339403211903609782 stripped
MonoBehaviour:
  m_CorrespondingSourceObject: {fileID: 7207763380350938753, guid: 6f3f90751b9e52d4885d34314f1f03aa,
    type: 3}
  m_PrefabInstance: {fileID: 8543779863422223671}
  m_PrefabAsset: {fileID: 0}
  m_GameObject: {fileID: 0}
  m_Enabled: 1
  m_EditorHideFlags: 0
  m_Script: {fileID: 11500000, guid: f4688fdb7df04437aeb418b961361dc5, type: 3}
  m_Name: 
  m_EditorClassIdentifier: 
--- !u!1 &5393785740529224566 stripped
GameObject:
  m_CorrespondingSourceObject: {fileID: 4344576201476869697, guid: 6f3f90751b9e52d4885d34314f1f03aa,
    type: 3}
  m_PrefabInstance: {fileID: 8543779863422223671}
  m_PrefabAsset: {fileID: 0}
--- !u!114 &7819179758305904763
MonoBehaviour:
  m_ObjectHideFlags: 0
  m_CorrespondingSourceObject: {fileID: 0}
  m_PrefabInstance: {fileID: 0}
  m_PrefabAsset: {fileID: 0}
  m_GameObject: {fileID: 5393785740529224566}
  m_Enabled: 1
  m_EditorHideFlags: 0
  m_Script: {fileID: 11500000, guid: 3ba6cb1d961c45e188e710bb3d65db3a, type: 3}
  m_Name: 
  m_EditorClassIdentifier: 
  slider: {fileID: 5934142097597840266}
  matrixManager: {fileID: 0}
  changingAxis: -1
  minText: {fileID: 7771449054430824388}
  maxText: {fileID: 1339403211903609782}
  valueText: {fileID: 7845578512984825892}
  onValueChanged:
    m_PersistentCalls:
      m_Calls: []
  checkboxPanel: {fileID: 0}
--- !u!114 &5934142097597840266 stripped
MonoBehaviour:
  m_CorrespondingSourceObject: {fileID: 2651446214702694077, guid: 6f3f90751b9e52d4885d34314f1f03aa,
    type: 3}
  m_PrefabInstance: {fileID: 8543779863422223671}
  m_PrefabAsset: {fileID: 0}
  m_GameObject: {fileID: 5393785740529224566}
  m_Enabled: 1
  m_EditorHideFlags: 0
  m_Script: {fileID: 11500000, guid: 67db9e8f0e2ae9c40bc1e2b64352a6b4, type: 3}
  m_Name: 
  m_EditorClassIdentifier: 
--- !u!224 &6714767975821535802 stripped
RectTransform:
  m_CorrespondingSourceObject: {fileID: 3152026475493338893, guid: 6f3f90751b9e52d4885d34314f1f03aa,
    type: 3}
  m_PrefabInstance: {fileID: 8543779863422223671}
  m_PrefabAsset: {fileID: 0}
--- !u!114 &7771449054430824388 stripped
MonoBehaviour:
  m_CorrespondingSourceObject: {fileID: 2109972956822094579, guid: 6f3f90751b9e52d4885d34314f1f03aa,
    type: 3}
  m_PrefabInstance: {fileID: 8543779863422223671}
  m_PrefabAsset: {fileID: 0}
  m_GameObject: {fileID: 0}
  m_Enabled: 1
  m_EditorHideFlags: 0
  m_Script: {fileID: 11500000, guid: f4688fdb7df04437aeb418b961361dc5, type: 3}
  m_Name: 
  m_EditorClassIdentifier: 
--- !u!114 &7845578512984825892 stripped
MonoBehaviour:
  m_CorrespondingSourceObject: {fileID: 1905166213832451347, guid: 6f3f90751b9e52d4885d34314f1f03aa,
    type: 3}
  m_PrefabInstance: {fileID: 8543779863422223671}
  m_PrefabAsset: {fileID: 0}
  m_GameObject: {fileID: 0}
  m_Enabled: 1
  m_EditorHideFlags: 0
  m_Script: {fileID: 11500000, guid: f4688fdb7df04437aeb418b961361dc5, type: 3}
  m_Name: 
  m_EditorClassIdentifier: 
